 Dungeon Crawl Stone Soup version 0.25.1-2-g60ff931df9 (webtiles) character file.

Game seed: 6113964314759176413

4195 DogServant the Charlatan (level 10, 0/73 HPs)
             Began as a Demonspawn Venom Mage on Oct 16, 2020.
             Was a Believer of Vehumet.
             Succumbed to a killer bee's poison
             ... on level 9 of the Dungeon.
             The game lasted 00:29:07 (10818 turns).

DogServant the Charlatan (Demonspawn Venom Mage)   Turns: 10818, Time: 00:29:07

Health: 0/73       AC:  7    Str: 10    XL:     10   Next: 8%
Magic:  1/15       EV: 12    Int: 19    God:    Vehumet [**....]
Gold:   385        SH:  0    Dex: 13    Spells: 2/15 levels left

rFire    . . .     SeeInvis .   b - +5 dagger (elec)
rCold    . . .     Gourm    .   (no shield)
rNeg     . . .     Faith    .   a - +1 robe
rPois    .         Spirit   +   k - +0 helmet
rElec    .         Reflect  .   (no cloak)
rCorr    .         Harm     .   g - +0 pair of gloves
MR       .....                  (no boots)
Stlth    ++........             (no amulet)
HPRegen  0.22/turn              (no ring)
MPRegen  0.14/turn              (no ring)

@: lethally poisoned (0 -> -16), berserk cooldown, flying, slowed, lightly
drained, invisible, very slow
A: claws 2, rugged brown scales 2, demonic guardian 1, magic shield
a: Renounce Religion


You were on level 9 of the Dungeon.
You worshipped Vehumet.
Vehumet was pleased with you.
You were hungry.

You visited 1 branch of the dungeon, and saw 9 of its levels.

You collected 385 gold pieces.

Inventory:

Hand Weapons
 b - a +5 dagger of electrocution (weapon)
 i - a +1 short sword of venom
Missiles
 e - 10 boomerangs (quivered)
 D - 2 javelins
Armour
 a - a +1 robe (worn)
 g - a +0 pair of gloves (worn)
 k - a +0 helmet (worn)
 n - a +1 robe of resistance
 x - the cursed +0 ring mail of Hopscotch {MR+ Str+4, unknown}
   (You found it on level 5 of the Dungeon)

   It affects your strength (+4).
   It affects your resistance to hostile enchantments.
   It has a curse placed upon it.
Jewellery
 B - an uncursed amulet of regeneration {unknown}
Wands
 r - a wand of polymorph (9)
 y - a wand of disintegration (17)
 C - a wand of enslavement (8)
Scrolls
 d - 4 scrolls of remove curse
 f - 3 scrolls of teleportation
 h - 6 scrolls of identify
 l - 3 scrolls of magic mapping
 m - a scroll of enchant armour
 o - a scroll of enchant weapon {unknown}
 q - 3 scrolls of amnesia {unknown}
 u - a scroll of blinking
Potions
 v - a potion of haste {unknown}
 w - a potion of degeneration {unknown}
 z - a potion of brilliance {unknown}
 A - a potion of resistance
 E - a potion of might
 F - a potion of stabbing {unknown}
Comestibles
 c - 4 rations


   Skills:
 - Level 3.3 Fighting
 - Level 1.7 Dodging
 - Level 1.7 Stealth
 - Level 3.1 Spellcasting
 - Level 5.5 Conjurations
 + Level 4.5 Transmutations
 - Level 3.6 Fire Magic
 - Level 6.1 Air Magic
 + Level 5.3 Poison Magic
 + Level 7.0 Evocations


You had 2 spell levels left.
You knew the following spells:

 Your Spells              Type           Power        Failure   Level  Hunger
a - Sting                 Tmut/Pois      ###.         1%          1    None
b - Poisonous Vapours     Pois/Air       ###...       2%          2    ##.....
c - Ignite Poison         Fire/Tmut/Pois ###.....     7%          3    ###....
d - Mephitic Cloud        Conj/Pois/Air  ###.....     4%          3    ###....
e - Olgreb's Toxic Radia  Pois           ###.....     17%         4    ####...

Your spell library contained the following spells:

 Spells                   Type           Power        Failure   Level  Hunger
 Shock                    Conj/Air       ####         1%          1    None
 Magic Dart               Conj           ###.         1%          1    None
 Searing Ray              Conj           ###...       2%          2    ##.....
 Dazzling Flash           Conj/Hex       ##....       14%         3    ###....
 Fulminant Prism          Conj/Hex       ##........   43%         4    ####...
 Iskenderun's Mystic Bla  Conj/Tloc      ##......     43%         4    ####...


Dungeon Overview and Level Annotations

Branches:
Dungeon (9/15)             Temple (0/1) D:7
   Lair: D:8-11         Orc: D:9-12

Altars:
Ashenzari
Cheibriados
Elyvilon
Fedhas
Makhleb
Nemelex Xobeh
Okawaru
Sif Muna
Vehumet
Wu Jian
Xom
Yredelemnul
Zin

Annotations:
D:8 3 runed translucent doors, raetorn's ghost, novice VSBe


Innate Abilities, Weirdness & Mutations

You have very sharp fingernails.
You are mostly covered in rugged brown scales. (AC +2, +5% HP)
A weak demonic guardian rushes to your aid.
When hurt, damage is shared between your health and your magic reserves.


Message History

* * * LOW HITPOINT WARNING * * *
You feel sick.
* * * LOW HITPOINT WARNING * * *
You feel sick.
You feel your anger nearly subside.
* * * LOW HITPOINT WARNING * * *
You feel sick.
You are no longer berserk.
You are exhausted.
You feel yourself slow down.
* * * LOW HITPOINT WARNING * * *
You feel sick.
It was a potion of flight.
You feel very buoyant.
You fly up into the air.
* * * LOW HITPOINT WARNING * * *
You feel very sick.
It was a potion of invisibility.
You fade into invisibility!
You die...

#....
#... #..
#†# #.#
#†# #.#
#†# #@#
###.....
#.##
.......
#..#
#......
#..#
#......
#..#
#......
#..#
#......
#..#
#......
#..#.
#..<...
##..#..
#...##+


There were no monsters in sight!

Vanquished Creatures
  A troll (D:9)
  2 hungry ghosts (D:7)
  2 orc warriors
  3 sky beasts (D:8)
  A necrophage (D:8)
  2 phantoms
  2 ogres
  2 centaurs
  2 big kobolds (D:7)
  Blork the orc (D:4)
  A bullfrog (D:6)
  2 scorpions (D:7)
  16 killer bees
  3 wights (D:9)
  A howler monkey (D:5)
  2 crimson imps
  A quasit (D:6)
  6 orc priests
  6 jellies (D:7)
  A bullfrog zombie (D:7)
  2 hounds
  2 bullfrog skeletons
  An iguana (D:4)
  5 worker ants
  10 orc wizards
  Robin (D:4)
  3 gnolls (D:3)
  5 adders
  A shadow imp (D:6)
  3 oozes (D:7)
  An adder skeleton (D:4)
  2 dart slugs (D:1)
  2 leopard geckos
  30 orcs
  A ball python (D:1)
  4 bats
  6 giant cockroaches
  13 goblins
  11 hobgoblins
  8 kobolds
  A quokka (D:3)
  6 frilled lizards
  A leopard gecko skeleton (D:6)
  A quokka zombie (D:8)
  7 rats
184 creatures vanquished.

Vanquished Creatures (collateral kills)
  A slime creature (D:7)
  An orc warrior (D:9)
  A centaur (D:9)
  A wight (D:9)
  A crimson imp (D:8)
  A jelly (D:7)
  4 orcs
  A kobold (D:7)
11 creatures vanquished.

Vanquished Creatures (others)
  9 plants (D:9)
  8 toadstools (D:7)
17 creatures vanquished.

Grand Total: 212 creatures vanquished

Notes
Turn   | Place    | Note
-------+----------+-------------------------------------------
     0 | D:1      | DogServant the Demonspawn Venom Mage began the quest for
                  | the Orb.
     0 | D:1      | Reached XP level 1. HP: 13/13 MP: 3/3
    29 | D:1      | Reached skill level 1 in Transmutations
   249 | D:1      | Gained mutation: You have sharp fingernails. [demonic
                  | ancestry]
   249 | D:1      | Reached XP level 2. HP: 18/19 MP: 1/5
   784 | D:1      | Gained mutation: When hurt, damage is shared between your
                  | health and your magic reserves. [demonic ancestry]
   784 | D:1      | Reached XP level 3. HP: 24/24 MP: 3/6
  1340 | D:2      | Found an ornate altar of the Wu Jian Council.
  1394 | D:2      | Found a snail-covered altar of Cheibriados.
  1508 | D:2      | Found a burning altar of Makhleb.
  2045 | D:3      | Reached XP level 4. HP: 30/30 MP: 5/8
  2398 | D:3      | Found a shimmering blue altar of Sif Muna.
  2876 | D:3      | Learned a level 2 spell: Poisonous Vapours
  2880 | D:3      | Learned a level 3 spell: Ignite Poison
  2884 | D:3      | Learned a level 3 spell: Mephitic Cloud
  3319 | D:4      | Noticed Blork the orc
  3463 | D:4      | Noticed Robin
  3473 | D:4      | Gained mutation: You are partially covered in rugged brown
                  | scales. (AC +1, +3% HP) [demonic ancestry]
  3473 | D:4      | Reached XP level 5. HP: 22/36 MP: 3/9
  3485 | D:4      | Found a radiant altar of Vehumet.
  3487 | D:4      | Killed Robin
  3677 | D:4      | Reached skill level 1 in Fighting
  3712 | D:4      | Killed Blork the orc
  3712 | D:4      | Reached skill level 1 in Fire Magic
  4014 | D:4      | Gained mutation: You are mostly covered in rugged brown
                  | scales. (AC +2, +5% HP) [demonic ancestry]
  4014 | D:4      | Reached XP level 6. HP: 36/46 MP: 6/10
  4226 | D:4      | Reached skill level 1 in Air Magic
  4468 | D:4      | Found an iron altar of Okawaru.
  4471 | D:4      | Found a shimmering altar of Xom.
  4699 | D:4      | You fall into a shaft and drop 3 floors!
  4731 | D:6      | You fall into a shaft and drop 1 floor!
  4953 | D:5      | Entered Level 5 of the Dungeon
  4971 | D:5      | Gained mutation: You have very sharp fingernails. [demonic
                  | ancestry]
  4971 | D:5      | Reached XP level 7. HP: 53/54 MP: 6/11
  5082 | D:5      | Got a buzzing ring mail
  5397 | D:4      | Became a worshipper of Vehumet
  6236 | D:6      | Reached skill level 1 in Evocations
  6595 | D:6      | Found a white marble altar of Elyvilon.
  6617 | D:6      | Found a blossoming altar of Fedhas.
  6744 | D:6      | Reached skill level 1 in Conjurations
  6744 | D:6      | Reached skill level 2 in Evocations
  6782 | D:6      | Gained mutation: A weak demonic guardian rushes to your
                  | aid. [demonic ancestry]
  6782 | D:6      | Reached XP level 8. HP: 54/60 MP: 0/12
  6965 | D:6      | Found a glowing silver altar of Zin.
  7261 | D:7      | Reached skill level 3 in Evocations
  7344 | D:7      | Found a staircase to the Ecumenical Temple.
  7353 | D:7      | Found a basalt altar of Yredelemnul.
  7636 | D:7      | Found a shattered altar of Ashenzari.
  7752 | D:7      | Reached skill level 4 in Evocations
  7947 | D:7      | Noticed a slime creature
  7968 | D:7      | Killed a slime creature
  7968 | D:7      | Reached skill level 5 in Air Magic
  8094 | D:7      | Reached XP level 9. HP: 67/67 MP: 7/13
  8545 | D:8      | Reached * piety under Vehumet
  8545 | D:8      | Offered knowledge of Sandblast by Vehumet.
  8572 | D:8      | Reached skill level 5 in Evocations
  8738 | D:8      | Found a sparkling altar of Nemelex Xobeh.
  8767 | D:8      | Reached skill level 5 in Conjurations
  9289 | D:8      | Found a runed translucent gate.
  9289 | D:8      | Found a runed translucent gate.
  9289 | D:8      | Found a runed translucent gate.
  9290 | D:8      | Noticed raetorn's ghost (novice VSBe)
  9544 | D:8      | Reached skill level 6 in Evocations
  9661 | D:8      | Learned a level 4 spell: Olgreb's Toxic Radiance
 10518 | D:9      | Reached skill level 5 in Poison Magic
 10553 | D:9      | Noticed a troll
 10568 | D:9      | Killed a troll
 10568 | D:9      | Offered knowledge of Shock by Vehumet.
 10568 | D:9      | Reached XP level 10. HP: 57/72 MP: 2/15
 10789 | D:9      | Reached ** piety under Vehumet
 10802 | D:9      | Reached skill level 7 in Evocations
 10817 | D:9      | HP: 3/73 [poisoned by a killer bee]
 10818 | D:9      | Succumbed to a killer bee's poison

Illustrated notes

Levels and vault maps discovered:
D:1:      mrwooster_arrival_statue_3, layout_rooms, minmay_pentomino_q2
D:2:      layout_loops_ring, lemuel_doored_altar, lemuel_crystal_altar,
          makhleb_heckhound_becter
D:3:      layout_loops_ring, lemuel_crystal_altar
D:4:      layout_basic, kennysheep_mini, minitemple, uniq_blork_the_orc,
          uniq_robin
D:5:      layout_basic, serial_shops, shop, first_ration,
          guppyfry_early_orc_mine
D:6:      layout_cave_pools, zin_statuary, fedhas_altar_4,
          kennysheep_little_box, kennysheep_generic_room_11
D:7:      cheibrodos_fertilizer, layout_basic, cheibrodos_ashenzari_chains,
          minmay_temple_entry_large_hall, yredelemnul_altar_generic
D:8:      layout_rooms, nemelex_xobeh_ov_fountains_minmay,
          gammafunk_ghost_necromancy, hangedman_abyss_or_decor_stabs
D:9:      layout_irregular_city, david_lair_shrubbed, hangedman_ranch
          [blue_anna_fruit_fields], minmay_guarded_unrand_resistance

Skill      XL: |  1  2  3  4  5  6  7  8  9 10 |
---------------+-------------------------------+-----
Transmutations | 1 2 3 4 |  4.5
Spellcasting   | 3 |  3.1
Poison Magic   | 4 5 |  5.3
Fighting       | 1 3 |  3.3
Fire Magic     | 1 2 3 |  3.6
Air Magic      | 2 3 5 6 |  6.1
Evocations     | 2 4 6 7 |  7.0
Conjurations   | 1 4 5 |  5.5
Dodging        | |  1.7
Stealth        | |  1.7

Action                   |  1- 3 |  4- 6 |  7- 9 | 10-12 || total
-------------------------+-------+-------+-------+-------++-------
Melee: Unarmed           |     5 |       |       |       ||     5
       Short sword       |    23 |    65 |       |       ||    88
       Dagger            |       |    31 |   195 |    16 ||   242
Throw: Boomerang         |       |     4 |       |       ||     4
 Cast: Sting             |    48 |    52 |   128 |    10 ||   238
       Mephitic Cloud    |       |     2 |     2 |       ||     4
       Poisonous Vapours |       |     5 |    36 |     4 ||    45
       Ignite Poison     |       |     3 |     7 |       ||    10
Evoke: Wand              |       |       |     3 |       ||     3
  Use: Scroll            |       |     7 |     1 |       ||     8
       Potion            |       |     3 |       |     5 ||     8
 Stab: Sleeping          |     1 |     2 |       |       ||     3
       Distracted        |       |     1 |       |       ||     1
  Eat: Chunk             |     4 |     5 |     7 |     1 ||    17
       Ration            |       |     2 |     4 |       ||     6
Armor: Robe              |     9 |    18 |    89 |     8 ||   124
Dodge: Dodged            |    31 |    70 |   157 |    20 ||   278
